Map: Eternal Empire LE

Players

Naxin - Winner!

  • Race: Terran Terran
  • Spawn Location: 7:00

Rex

  • Race: Zerg Zerg
  • League: Master
  • Spawn Location: 1:00

Event: DreamHack SC2 Masters 2020 Summer TwHkMoJp

VOD

Have the link to the VOD?

Description

Time

  • Played on: June 24, 2020, 8:49 a.m.
  • Length: 13:41

All games in this series

Show
View Real Time Build Order
Export as new Build Order

Naxin Terran - Winner!

Build Orders: Hellion Opening, Reaper Expand 

Get SALT Encoding   

  12  0:00  SCV  
  13  0:12  SCV  
  14  0:17  Supply Depot  
  14  0:25  SCV  
  15  0:39  SCV  
  15  0:41  Barracks  
  16  0:45  Refinery  
  16  0:51  SCV  
  17  1:03  SCV  
  18  1:15  SCV  
  19  1:29  Reaper, Orbital Command  
  20  1:40  Command Center  
  20  1:50  Supply Depot  
  20  1:55  SCV  
  20  2:00  Marine  
  22  2:07  SCV  
  23  2:13  Factory  
  23  2:18  Refinery  
  23  2:19  SCV  
  23  2:23  Barracks Reactor  
  23  2:31  SCV  
  24  2:43  SCV  
  25  2:52  Orbital Command  
  25  2:55  SCV  
  25  2:57  Starport  
  26  3:06  Hellion x2  
  26  3:07  SCV, Barracks Tech Lab  
  31  3:19  SCV  
  33  3:20  SCV  
  33  3:27  Hellion x2  
  33  3:32  SCV x2  
  33  3:33  Supply Depot  
  39  3:34  Barracks Tech Lab  
  39  3:40  Raven  
  41  3:44  SCV x2  
  43  3:49  Hellion  
  43  3:55  Hellion  
  47  3:56  Supply Depot  
  47  3:58  SCV x2  
  49  4:08  Stimpack, Marine  
  50  4:10  SCV x2  
  50  4:12  Supply Depot  
  52  4:24  Liberator  
  52  4:28  SCV x2  
  52  4:30  Command Center  
  57  4:33  Marine  
  58  4:41  Factory Reactor  
  58  4:42  SCV x2  
  60  4:49  Supply Depot, Barracks  
  60  4:51  Barracks  
  60  4:52  Marine  
  61  5:04  SCV  
  61  5:05  SCV, Engineering Bay  
  61  5:06  Engineering Bay  
  63  5:07  Refinery x2  
  63  5:11  Marine  
  64  5:17  SCV x2  
  64  5:20  Starport Reactor  
  66  5:26  Supply Depot  
  66  5:28  Factory Reactor  
  66  5:29  SCV, Marine  
  66  5:32  SCV, Terran Infantry Weapons Level 1  
  66  5:33  Terran Infantry Armor Level 1  
  69  5:37  Marine x2  
  69  5:41  SCV  
  69  5:42  Orbital Command  
  72  5:43  Supply Depot  
  72  5:44  SCV, Marine x2  
  72  5:47  Marine  
  76  5:53  SCV  
  76  5:55  Marine  
  76  5:56  SCV  
  79  6:00  Armory  
  79  6:02  Supply Depot  
  79  6:03  Marine x2  
  81  6:05  SCV, Combat Shield  
  81  6:08  SCV  
  81  6:11  Orbital Command  
  83  6:12  Medivac x2  
  83  6:15  Widow Mine x2  
  83  6:17  SCV  
  92  6:20  SCV  
  92  6:21  Supply Depot  
  92  6:24  Marine  
  92  6:25  Supply Depot  
  94  6:28  Marine x4  
  94  6:29  SCV  
  99  6:37  SCV x2, Supply Depot  
  101  6:41  SCV  
  101  6:42  Widow Mine x2, Marine  
  101  6:45  Marine  
  101  6:46  Medivac, Marine x3  
  113  6:49  Medivac  
  113  6:50  SCV  
  116  6:58  Supply Depot  
  116  7:00  Marine  
  116  7:03  Marine x2  
  116  7:04  Marine x2  
  111  7:17  Marine  
  111  7:21  Marine x2  
  111  7:24  Marine  
  111  7:27  Orbital Command  
  111  7:29  Marine  
  103  7:35  Marine  
  103  7:36  Medivac x2, Barracks x2  
  102  7:37  Widow Mine x2  
  102  7:38  Factory  
  105  7:47  Marauder  
  105  7:48  SCV  
  105  7:49  SCV  
  104  7:53  SCV  
  104  7:57  Marine x4  
  107  7:59  Widow Mine x2  
  106  8:07  SCV  
  106  8:08  Marine  
  106  8:09  Terran Infantry Armor Level 2, Missile Turret, Terran Infantry Weapons Level 2  
  106  8:10  Missile Turret  
  104  8:14  Marine  
  104  8:15  Marine x3  
  104  8:19  SCV x2  
  110  8:22  Missile Turret  
  110  8:26  Marauder  
  102  8:29  Marine x2  
  102  8:32  SCV x3, Marine x3  
  103  8:35  Missile Turret  
  99  8:44  SCV  
  99  8:48  Marauder, Marine  
  104  8:55  Marine x2  
  97  8:56  Barracks Reactor x2  
  97  8:57  Widow Mine x2  
  97  9:00  SCV  
  101  9:06  SCV  
  101  9:08  Drilling Claws  
  101  9:09  Marauder  
  101  9:11  Thor  
  101  9:13  SCV  
  101  9:15  SCV  
  109  9:22  SCV  
  110  9:24  Marine x2  
  110  9:25  SCV  
  110  9:26  Marine  
  110  9:27  SCV  
  110  9:28  Widow Mine x2  
  110  9:30  Marine  
  110  9:31  Marauder  
  120  9:33  Marine  
  120  9:34  SCV  
  120  9:37  Missile Turret  
  120  9:38  SCV  
  123  9:39  SCV  
  123  9:40  Marine  
  123  9:41  Marine x2  
  127  9:46  SCV, Supply Depot  
  127  9:49  Widow Mine  
  127  9:50  Marine x2  
  127  9:52  Marauder  
  132  9:55  Supply Depot  
  131  10:00  Thor  
  131  10:01  Widow Mine  
  139  10:08  Bunker  
  139  10:09  Supply Depot, Marine x2  
  139  10:11  Marine x3  
  139  10:13  Marauder  
  146  10:15  Marine x2  
  146  10:16  Supply Depot  
  146  10:18  Supply Depot  
  148  10:22  Marine  
  148  10:24  Supply Depot  
  148  10:25  SCV x2  
  148  10:27  Marine  
  152  10:30  Widow Mine x2  
  152  10:35  Marauder  
  155  10:37  Marine x2  
  156  10:45  Marine x2  
  156  10:46  Marine  
  156  10:47  Marine  
  156  10:48  Marine x2  
  157  10:55  Marine x2  
  157  10:56  Marauder  
  156  11:03  Marine x2  
  156  11:04  Marine  
  155  11:05  Marine  
  155  11:06  Marine x2  
  155  11:09  Medivac  
  148  11:12  Marine  
  148  11:13  Marine  
  148  11:18  Marauder  
  143  11:20  Marine  
  143  11:21  Marine  
  143  11:22  Marine  
  143  11:23  Marine  
  143  11:24  Marine  
  119  11:31  Command Center  
  115  11:36  Marine  
  115  11:37  Marine x2  
  115  11:38  Marine x2  
  115  11:39  Marauder, Widow Mine x2  
  126  11:48  Marine x2  
  126  11:49  Marine  
  129  11:54  Marine x2  
  129  11:55  Marine  
  129  11:56  Marine x2  
  129  12:00  Marauder  
  136  12:06  Marine  
  135  12:14  Marine  
  135  12:15  Marine  
  131  12:17  Marine  
  131  12:20  Marine x2  
  131  12:21  Widow Mine, Thor  
  131  12:22  Marauder, Widow Mine  
  136  12:24  Marine x2  
  136  12:25  Marine  
  128  12:37  Marine  
  128  12:40  Marine x4  
  128  12:42  Marine  
  128  12:43  Marauder  
  129  12:49  Marine  
  103  13:00  Marine x2  
  103  13:04  Marauder  
  113  13:07  SCV x2  
  115  13:16  Widow Mine x2  
  115  13:17  SCV  
  115  13:19  Widow Mine  
Show
View Real Time Build Order
Export as new Build Order

Rex Zerg 

Build Orders: Pool First, Muta Ling Bane 

Get SALT Encoding   

  12  0:00  Drone  
  13  0:13  Overlord  
  13  0:17  Drone  
  14  0:31  Drone x2  
  16  0:40  Spawning Pool  
  15  0:44  Drone  
  16  0:50  Drone  
  17  1:09  Hatchery  
  16  1:12  Drone  
  17  1:27  Zergling x4, Extractor  
  17  1:28  Zergling x2  
  19  1:32  Queen  
  21  1:41  Overlord  
  21  1:53  Drone  
  22  2:00  Drone  
  23  2:08  Queen  
  23  2:11  Drone  
  26  2:21  Queen  
  26  2:22  Drone x2  
  30  2:30  Metabolic Boost  
  30  2:35  Drone x2  
  32  2:41  Overlord  
  32  2:44  Drone  
  32  2:45  Drone  
  32  2:48  Drone  
  32  2:51  Drone  
  36  3:01  Drone x2  
  38  3:12  Hatchery  
  37  3:16  Drone x3  
  39  3:20  Drone x2  
  39  3:26  Overlord  
  41  3:30  Queen  
  43  3:38  Overlord  
  43  3:47  Drone x7  
  51  3:55  Zergling x2  
  51  3:59  Zergling x6  
  54  4:06  Drone x3  
  54  4:09  Queen  
  59  4:12  Overlord  
  59  4:13  Lair  
  59  4:20  Zergling x4, Roach Warren  
  60  4:25  Zergling x6  
  60  4:31  Drone x3  
  66  4:37  Overlord  
  66  4:38  Drone  
  67  4:40  Spore Crawler  
  67  4:41  Spore Crawler  
  67  4:42  Spore Crawler  
  67  4:43  Drone  
  65  4:52  Overlord, Drone  
  66  4:56  Drone x5, Extractor x2  
  68  5:01  Drone  
  68  5:06  Drone  
  68  5:07  Drone  
  69  5:10  Drone x4  
  69  5:12  Drone  
  74  5:15  Drone x2  
  74  5:16  Overseer  
  74  5:19  Drone x2  
  78  5:21  Drone  
  78  5:22  Drone  
  78  5:23  Drone  
  78  5:26  Extractor  
  78  5:27  Extractor x2  
  78  5:28  Drone  
  78  5:33  Drone  
  78  5:34  Spire  
  79  5:39  Overlord  
  79  5:41  Drone x3  
  82  5:44  Overlord x2  
  82  5:47  Baneling Nest  
  81  5:52  Drone  
  81  5:53  Overlord  
  82  5:58  Drone  
  82  5:59  Drone x5  
  82  6:01  Drone  
  82  6:02  Queen  
  91  6:07  Zergling x4  
  91  6:09  Overlord  
  93  6:21  Zergling x8  
  93  6:23  Zergling x2  
  96  6:29  Hatchery  
  95  6:39  Centrifical Hooks  
  95  6:48  Mutalisk x8  
  95  6:50  Zergling x8  
  95  6:53  Baneling  
  95  6:54  Baneling x4  
  115  6:57  Baneling x2  
  115  6:59  Zergling x6  
  118  7:01  Baneling x3  
  118  7:03  Zergling x2  
  118  7:06  Zergling x6  
  118  7:08  Overlord  
  122  7:11  Baneling x6  
  122  7:14  Overlord  
  119  7:16  Overlord x2  
  119  7:20  Baneling x4  
  119  7:21  Hatchery  
  117  7:26  Zergling x2  
  117  7:27  Zergling x12  
  118  7:35  Zergling x8  
  116  7:38  Baneling  
  116  7:42  Zergling x2  
  116  7:43  Zergling x8  
  109  7:48  Zergling x4  
  109  7:49  Baneling  
  109  7:50  Baneling x3  
  103  7:53  Zergling x2  
  101  8:00  Zergling x2  
  101  8:01  Zergling x4  
  101  8:02  Queen  
  101  8:03  Queen x2  
  107  8:10  Evolution Chamber x2  
  103  8:14  Baneling x5  
  103  8:15  Hatchery  
  103  8:17  Zergling x12  
  102  8:23  Zergling x10  
  102  8:26  Zergling x2  
  97  8:31  Zergling x2  
  97  8:32  Zergling x2  
  98  8:38  Zergling x8  
  98  8:44  Mutalisk x3  
  99  8:51  Mutalisk x2  
  97  8:57  Zerg Ground Armor Level 1, Baneling x2  
  97  9:02  Zergling x2  
  98  9:03  Zergling x12  
  98  9:07  Spore Crawler  
  98  9:08  Drone  
  103  9:16  Zergling x8  
  107  9:21  Baneling x8  
  107  9:25  Drone x3  
  107  9:26  Drone  
  107  9:28  Drone  
  107  9:30  Drone x2  
  114  9:32  Drone  
  114  9:33  Drone x2  
  114  9:36  Drone x2  
  119  9:40  Drone  
  119  9:42  Evolution Chamber  
  119  9:43  Drone x2  
  119  9:44  Extractor  
  119  9:45  Drone  
  121  9:46  Drone x2  
  121  9:49  Drone  
  121  9:50  Drone x2  
  126  9:57  Drone  
  126  9:58  Drone x5  
  126  9:59  Drone  
  134  10:00  Drone  
  134  10:03  Drone x2  
  134  10:06  Drone x4  
  140  10:14  Zergling x2  
  140  10:15  Zergling x12  
  140  10:17  Baneling x10  
  140  10:20  Baneling  
  147  10:25  Zergling x8  
  147  10:37  Zergling x20  
  147  10:40  Baneling x4  
  154  10:48  Zergling x2  
  154  10:49  Zergling x12  
  155  10:55  Baneling x6  
  151  10:57  Zergling x12  
  150  11:04  Zergling x2  
  150  11:05  Zergling x2  
  150  11:08  Zergling x2  
  134  11:12  Baneling x3  
  134  11:13  Zergling x2  
  134  11:14  Zergling x4  
  126  11:19  Zergling x4  
  126  11:22  Mutalisk  
  115  11:25  Zergling x2  
  115  11:26  Zergling x4  
  115  11:32  Zergling x6  
  119  11:35  Baneling  
  119  11:36  Baneling  
  119  11:39  Hatchery  
  118  11:43  Zergling x2  
  118  11:44  Zergling x8  
  118  11:45  Baneling  
  118  11:46  Baneling x10  
  123  11:51  Baneling x3  
  123  11:52  Hatchery  
  120  11:58  Zergling x14  
  120  12:00  Zergling x2  
  127  12:07  Zergling x4  
  129  12:14  Zergling x4  
  121  12:17  Baneling x10  
  121  12:22  Zergling x12  
  121  12:23  Baneling x4  
  121  12:28  Zergling x4  
  121  12:29  Baneling x3  
  115  12:31  Baneling  
  115  12:36  Zergling x4  
  114  12:42  Zergling x2  
  110  12:45  Zergling x2  
  110  12:46  Zergling x2  
  110  12:50  Zergling x8  
  89  13:02  Mutalisk x2  
  89  13:04  Zergling x2  
  94  13:12  Zergling x8  
  98  13:16  Baneling  
  98  13:17  Baneling  
  102  13:20  Baneling x3  
  102  13:23  Baneling x2  
Tags
 
Add a new tag
Caveats
  • Supply blocks, unpowered buildings, or Contaminate may cause inaccurate times.
  • Supply counts are checked every 10 seconds.